[Event "Titled Tuesday Blitz February 28 Early 2023"]
[White "Lesbekova, Assel"]
[Black "Goltseva, Ekaterina"]
[WhiteFideId "13713248"]
[BlackFideId "24173770"]
[WhiteElo "1799"]
[BlackElo "2200"]
[Result "0-1"]
[Round "02"]
[TimeControl "180+2"]
[Date "2023.02.28"]
[WhiteClock "0:00:20"]
[BlackClock "0:00:17"]

1. e4 e6 2. d4 d5 3. Bd3 dxe4 4. Bxe4 Nf6 5. Bf3 c5 6. Ne2 Nc6 7. Be3 Qb6 8. dxc5 Bxc5 9. Bxc5 Qxc5 10. c3 e5 11. Ng3 O-O 12. O-O Rd8 13. Qe2 Be6 14. Nd2 Rab8 15. Nde4 Nxe4 16. Nxe4 Qe7 17. Qe3 f5 18. Nd2 e4 19. Bd1 Rd3 20. Qe2 Rbd8 21. Nb1 Bc4 22. Bb3 Ne5 23. Bxc4+ Nxc4 24. b3 Ne5 25. c4 Qf6 26. Na3 Nf3+ 27. Kh1 Nd4 28. Qe1 Qh6 29. Qa5 Nc6 30. Qxf5 Re8 31. Rad1 Qd6 32. Rde1 Qxa3 33. Rxe4 Rxe4 34. Qxe4 Rd8 35. Qe6+ Kh8 36. Qf7 Qe7 37. Qf3 h6 38. h3 Nd4 39. Qc3 Nf5 40. Re1 Qg5 41. Qb4 b6 42. g3 Qd2 43. Re8+ Kh7 44. Qxd2 Rxd2 45. Kg2 Rxa2 46. Ra8 Nd4 47. b4 Ra4 48. b5 Rxc4 49. Rxa7 Nxb5 50. Rb7 Rc6 51. g4 Nd6 52. Rb8 b5 53. h4 Rc4 54. Kg3 b4 55. f3 Rd4 56. g5 hxg5 57. hxg5 Nf5+ 58. Kg2 Kg6 59. Rb5 Kxg5 60. Kf2 Kf4 61. Rb7 g5 0-1


[Site "https://www.chess.com"]

[Event "Titled Tuesday Blitz February 28 Early 2023"]
[White "Sreyas Payyappat"]
[Black "Burke, John F"]
[WhiteFideId "46674969"]
[BlackFideId "2052970"]
[WhiteElo "2083"]
[BlackElo "2206"]
[Result "0-1"]
[Round "02"]
[TimeControl "180+2"]
[Date "2023.02.28"]
[WhiteClock "0:00:18"]
[BlackClock "0:01:31"]

1. e4 c5 2. Nf3 Nc6 3. d4 cxd4 4. Nxd4 e6 5. Nc3 Qc7 6. Be3 a6 7. Bd3 Nf6 8. O-O Bb4 9. f4 d6 10. Nce2 Ng4 11. Rf3 Nxe3 12. Rxe3 Bc5 13. c3 e5 14. fxe5 dxe5 15. Bc4 O-O 16. Rg3 exd4 17. cxd4 Be7 18. Nc3 Nxd4 19. b3 Be6 20. Rc1 Qe5 21. Rd3 0-1


[Site "https://www.chess.com"]

[Event "Titled Tuesday Blitz February 28 Early 2023"]
[White "Mortazavi, Ali"]
[Black "Erece, Ece Alkim"]
[WhiteFideId "401323"]
[BlackFideId "6346006"]
[WhiteElo "2339"]
[BlackElo "1667"]
[Result "1-0"]
[Round "02"]
[TimeControl "180+2"]
[Date "2023.02.28"]
[WhiteClock "0:00:23"]
[BlackClock "0:00:04"]

1. e4 c5 2. Nc3 a6 3. g3 b5 4. Bg2 Bb7 5. d3 e6 6. Nf3 b4 7. Nb1 d5 8. Nbd2 Nf6 9. O-O dxe4 10. Ng5 Nc6 11. Ngxe4 Be7 12. a4 O-O 13. Nc4 Rb8 14. a5 Nxe4 15. Bxe4 Nd4 16. Bxb7 Rxb7 17. Be3 Bf6 18. Bxd4 Bxd4 19. Qe2 Qf6 20. Rab1 Rd8 21. Kg2 Rbd7 22. Qf3 Qg6 23. Qc6 h5 24. h4 Qg4 25. Rbe1 g5 26. Re4 Qf5 27. hxg5 Kg7 28. Qxa6 Rh8 29. Qc6 Rd5 30. Rf4 Qxg5 31. Nd6 h4 32. Nxf7 hxg3 33. Nxg5 Rxg5 34. Qd7+ Kh6 35. Rh1+ 1-0


[Site "https://www.chess.com"]

[Event "Titled Tuesday Blitz February 28 Early 2023"]
[White "Guliev, Logman"]
[Black "Rosh Jain"]
[WhiteFideId "13400061"]
[BlackFideId "25789465"]
[WhiteElo "2161"]
[BlackElo "2233"]
[Result "1-0"]
[Round "02"]
[TimeControl "180+2"]
[Date "2023.02.28"]
[WhiteClock "0:00:12"]
[BlackClock "0:00:01"]

1. d4 Nf6 2. c4 e6 3. Nc3 d5 4. cxd5 exd5 5. Bg5 Be7 6. e3 h6 7. Bh4 O-O 8. Qc2 b6 9. Bd3 c5 10. Nf3 Bb7 11. O-O Nc6 12. a3 Rc8 13. Rad1 cxd4 14. Nxd4 Nxd4 15. exd4 Ne4 16. Bxe7 Qxe7 17. Rfe1 Qf6 18. Bxe4 dxe4 19. d5 Rfd8 20. Rxe4 Bxd5 21. Red4 Be6 22. Qa4 Rxd4 23. Qxd4 Qe7 24. h3 Qb7 25. Ne4 Qc6 26. Qe5 Bb3 27. Rd6 Qc1+ 28. Kh2 Qc7 29. f4 Bc2 30. Nc3 Rd8 31. Nb5 Qb8 32. Rxd8+ Qxd8 33. Nxa7 Ba4 34. Nb5 Bxb5 35. Qxb5 Qd4 36. Qe5 Qd7 37. b4 b5 38. Qe4 g6 39. Qe5 h5 40. Qf6 Qb7 41. Qd8+ Kg7 42. Qd6 Qa7 43. Qe5+ Kg8 44. Qxb5 Qxa3 45. Qb8+ Kg7 46. b5 h4 47. f5 gxf5 48. b6 Qb3 49. Qe5+ f6 50. Qc7+ Kg6 51. b7 f4 52. Qxf4 Qxb7 53. Qxh4 Qb6 54. Qf4 Kf7 55. Qe4 Kg7 56. Qe7+ Kg6 57. Qe4+ Kf7 58. Qg4 Qc7+ 59. Qg3 Qd7 60. h4 Qe6 61. h5 Qf5 62. Qh4 Kg7 63. g4 Qf4+ 64. Qg3 Qd2+ 65. Kh3 Kh6 66. Qf3 Qg5 67. Kg3 f5 68. Qc6+ Kh7 69. Qd7+ Kh6 70. Qe6+ Kg7 71. Qxf5 Qe3+ 72. Qf3 Qe5+ 73. Kh3 Qb2 74. g5 Qb8 75. Qe4 Kg8 76. h6 Qc8+ 77. Kh4 1-0


[Site "https://www.chess.com"]

[Event "Titled Tuesday Blitz February 28 Early 2023"]
[White "Rose, Felix"]
[Black "Sernecki, Franciszek"]
[WhiteFideId "5105722"]
[BlackFideId "1169297"]
[WhiteElo "2039"]
[BlackElo "2210"]
[Result "1-0"]
[Round "02"]
[TimeControl "180+2"]
[Date "2023.02.28"]
[WhiteClock "0:00:19"]
[BlackClock "0:00:46"]

1. e4 e6 2. d4 d5 3. Nc3 Bb4 4. exd5 exd5 5. Bd3 Nf6 6. Ne2 c5 7. dxc5 O-O 8. O-O Nc6 9. Bg5 Be6 10. Nf4 Bxc3 11. bxc3 h6 12. Bh4 Re8 13. Nh5 g5 14. Nxf6+ Qxf6 15. Bg3 Qxc3 16. Rb1 Re7 17. Bd6 Rd7 18. Qh5 Qf6 19. f4 Bf5 20. fxg5 Qd4+ 21. Kh1 Bxd3 22. cxd3 hxg5 23. Qxg5+ Qg7 24. Qxd5 Re8 25. h3 Re6 26. Rf3 Rg6 27. Re3 Qd4 28. Re8+ Kg7 29. Bf8+ Kf6 30. Rf1+ 1-0


[Site "https://www.chess.com"]

[Event "Titled Tuesday Blitz February 28 Early 2023"]
[White "Hartikainen, Jarmo"]
[Black "Chernomordik, Pavel"]
[WhiteFideId "503134"]
[BlackFideId "2804530"]
[WhiteElo "2199"]
[BlackElo "2193"]
[Result "1/2-1/2"]
[Round "02"]
[TimeControl "180+2"]
[Date "2023.02.28"]
[WhiteClock "0:00:15"]
[BlackClock "0:00:02"]

1. e4 g6 2. d4 Bg7 3. Nc3 d6 4. Be2 a6 5. a4 b6 6. h4 h5 7. Be3 c5 8. Qd2 cxd4 9. Bxd4 Nf6 10. f3 Nc6 11. Be3 O-O 12. Nh3 Bxh3 13. Rxh3 e6 14. Rd1 d5 15. exd5 exd5 16. Bg5 Nb4 17. g4 Qe7 18. gxh5 Rae8 19. h6 Bh8 20. h7+ Kxh7 21. h5 d4 22. hxg6+ Kg8 23. Rxh8+ Kxh8 24. g7+ Kxg7 25. Ne4 Nxe4 26. Bxe7 Nxd2 27. Bxf8+ Kxf8 28. Kxd2 Nxc2 29. Bxa6 Ne3 30. Rh1 Ke7 31. b4 Rg8 32. Kd3 Nd5 33. Rb1 Nc3 34. Ra1 Rd8 35. Bc4 f5 36. a5 bxa5 37. bxa5 Kd6 38. a6 Kc5 39. a7 Ra8 40. Be6 Kb6 41. Bxf5 Rxa7 42. Rxa7 Kxa7 43. Kxd4 Ne2+ 44. Ke3 Nc3 45. Be4 Kb6 46. f4 Kc5 47. f5 Kd6 48. Kf4 Ne2+ 49. Kg5 Ke5 50. f6 Nf4 51. f7 Ne6+ 52. Kg6 Kxe4 53. f8=Q Nxf8+ 1/2-1/2


[Site "https://www.chess.com"]

[Event "Titled Tuesday Blitz February 28 Early 2023"]
[White "Kochetov, Andrey"]
[Black "Kiseljova, Marya"]
[WhiteFideId "24130532"]
[BlackFideId "4155009"]
[WhiteElo "2444"]
[BlackElo "1807"]
[Result "1-0"]
[Round "02"]
[TimeControl "180+2"]
[Date "2023.02.28"]
[WhiteClock "0:00:04"]
[BlackClock "0:00:01"]

1. e4 c5 2. Nf3 Nc6 3. d4 cxd4 4. Nxd4 g6 5. c4 Bg7 6. Be3 Nf6 7. Nc3 d6 8. f3 O-O 9. Nc2 Be6 10. Be2 Nd7 11. Qd2 a5 12. O-O Nc5 13. b3 Nb4 14. Rfd1 Nxc2 15. Qxc2 Qb6 16. Rab1 Qb4 17. Bd2 Qb6 18. Kh1 Na6 19. a3 Rfc8 20. Bf1 Qf2 21. Qc1 Bd4 22. Bd3 Nc5 23. Qc2 Qh4 24. Be1 Qh6 25. Bf2 Be5 26. g3 Nxd3 27. Rxd3 Rc7 28. f4 Bg7 29. Qd2 Bg4 30. Nb5 Rcc8 31. Bd4 Qh5 32. Bxg7 Kxg7 33. Kg1 b6 34. Nc3 a4 35. Nxa4 Rxa4 36. bxa4 Rxc4 37. Re1 Qc5+ 38. Kh1 Bh3 39. Qe2 Rc2 40. Rd2 Rc3 41. Red1 Rxa3 42. Rd4 1-0


[Site "https://www.chess.com"]

[Event "Titled Tuesday Blitz February 28 Early 2023"]
[White "Marin Ramirez, Gerardo"]
[Black "Rosenberg, Evan S"]
[WhiteFideId "3901068"]
[BlackFideId "2019299"]
[WhiteElo "1997"]
[BlackElo "2443"]
[Result "0-1"]
[Round "02"]
[TimeControl "180+2"]
[Date "2023.02.28"]
[WhiteClock "0:00:03"]
[BlackClock "0:00:41"]

1. d4 d5 2. Nf3 Bf5 3. c4 e6 4. Qb3 Nc6 5. a3 Na5 6. Qa4+ c6 7. Nbd2 h6 8. c5 Nf6 9. e3 b5 10. cxb6 axb6 11. b4 b5 12. Bxb5 cxb5 13. Qxb5+ Qd7 14. Qxd7+ Nxd7 15. bxa5 Rxa5 16. O-O Bd6 17. a4 Ke7 18. Nb3 Ra6 19. Ba3 Rb8 20. Bxd6+ Kxd6 21. Nbd2 Rb2 22. h3 f6 23. Rfc1 Nb6 24. a5 Nd7 25. Ra3 Rb5 26. Rca1 Nb8 27. Nb3 Nc6 28. Nc5 Ra7 29. a6 Rb4 30. Nd2 Rb2 31. Ndb3 Nb4 32. Ra4 Nd3 0-1


[Site "https://www.chess.com"]

[Event "Titled Tuesday Blitz February 28 Early 2023"]
[White "Ruge, Edison"]
[Black "Srebrnic, Marko"]
[WhiteFideId "4401000"]
[BlackFideId "14603616"]
[WhiteElo "2175"]
[BlackElo "2341"]
[Result "0-1"]
[Round "02"]
[TimeControl "180+2"]
[Date "2023.02.28"]
[WhiteClock "0:00:12"]
[BlackClock "0:01:06"]

1. e4 c5 2. Nf3 e6 3. d3 a6 4. Nbd2 b5 5. g3 Bb7 6. Bg2 g6 7. O-O Bg7 8. h4 h5 9. Ng5 f6 10. Nh3 Ne7 11. f4 O-O 12. g4 hxg4 13. Qxg4 f5 14. Qg3 Nbc6 15. e5 d6 16. Ng5 Qd7 17. Ndf3 dxe5 18. fxe5 Nd4 19. Nxd4 Bxg2 20. Kxg2 cxd4 21. Rf2 Rac8 22. Bf4 Nd5 23. h5 Nxf4+ 24. Qxf4 Qd5+ 25. Nf3 gxh5 26. Rh1 Rf7 27. Rxh5 Rcc7 28. Re2 Bf8 29. Rg5+ Rg7 30. Kf2 Rxg5 31. Qxg5+ Rg7 32. Qf6 Be7 33. Qh6 Qxa2 34. b3 Qa1 35. Qxe6+ Kf8 36. Qc8+ Kf7 37. Qxf5+ Ke8 38. Qc8+ Bd8 39. Qc6+ Kf8 40. e6 Bh4+ 41. Nxh4 Qg1+ 42. Kf3 Qg4+ 43. Kf2 Qg3+ 44. Kf1 Qg1# 0-1


[Site "https://www.chess.com"]

[Event "Titled Tuesday Blitz February 28 Early 2023"]
[White "Ramirez Vido, Robert Yorisan"]
[Black "Hertlein, Irena"]
[WhiteFideId "3513823"]
[BlackFideId "21817618"]
[WhiteElo "2440"]
[BlackElo "1776"]
[Result "1-0"]
[Round "02"]
[TimeControl "180+2"]
[Date "2023.02.28"]
[WhiteClock "0:00:42"]
[BlackClock "0:00:11"]

1. f4 d5 2. Nf3 g6 3. g3 Bg7 4. Bg2 b6 5. d3 Bb7 6. O-O Nf6 7. c3 O-O 8. Qe1 Nbd7 9. Nbd2 e5 10. Nxe5 Nxe5 11. fxe5 Ng4 12. Nf3 Nxe5 13. Nxe5 Bxe5 14. Bh6 Bg7 15. Bxg7 Kxg7 16. Qf2 Qe7 17. Rae1 Rae8 18. e4 dxe4 19. Bxe4 Bxe4 20. Rxe4 Qd7 21. Qf6+ Kg8 22. Rh4 Qxd3 23. Rd4 Qe3+ 24. Rf2 Re6 25. Qh4 Qe1+ 26. Rf1 Qe3+ 27. Kg2 Qe2+ 28. Rf2 Qe5 29. Qh6 Qg7 30. Qf4 Rfe8 31. Qxc7 R6e7 32. Rd7 Qe5 33. Qxe5 Rxe5 34. Rfxf7 Re2+ 35. Kh3 Rxb2 36. Rg7+ Kh8 37. Rxh7+ Kg8 38. Rdg7+ Kf8 39. Rxa7 Kg8 40. Rhg7+ Kh8 41. Rxg6 Ree2 42. Rc6 Rxh2+ 43. Kg4 1-0


[Site "https://www.chess.com"]

[Event "Titled Tuesday Blitz February 28 Early 2023"]
[White "lisjakzlatko1"]
[Black "Mazurkiewicz, Michal"]
[BlackFideId "1124943"]
[WhiteElo "2162"]
[BlackElo "2054"]
[Result "0-1"]
[Round "02"]
[TimeControl "180+2"]
[Date "2023.02.28"]
[WhiteClock "0:00:01"]
[BlackClock "0:02:19"]

1. e4 d6 2. d4 Nf6 3. Nc3 c6 4. a4 e5 5. Bc4 Be7 6. Nf3 Qc7 7. O-O O-O 8. h3 Nbd7 9. Re1 b6 10. Bg5 Bb7 11. Qd2 a6 12. dxe5 dxe5 13. Nh2 b5 14. Ba2 b4 15. Nd1 Nc5 16. f3 a5 17. Nf2 Bc8 18. Nhg4 Nxg4 19. hxg4 Be6 20. Bxe6 Nxe6 21. Bxe7 Qxe7 22. c3 Rfd8 23. Qe2 bxc3 24. bxc3 Qc5 25. Kh2 Nf4 26. Qf1 Rd2 0-1


[Site "https://www.chess.com"]

[Event "Titled Tuesday Blitz February 28 Early 2023"]
[White "Vedder, Richard"]
[Black "Kiseleva, Arina"]
[WhiteFideId "1004166"]
[BlackFideId "4164989"]
[WhiteElo "2168"]
[BlackElo "1756"]
[Result "1-0"]
[Round "02"]
[TimeControl "180+2"]
[Date "2023.02.28"]
[WhiteClock "0:01:32"]
[BlackClock "0:00:01"]

1. d4 Nf6 2. c4 e6 3. Nc3 Bb4 4. f3 c5 5. a3 Bxc3+ 6. bxc3 d5 7. cxd5 exd5 8. e3 O-O 9. Bd3 Re8 10. Ne2 Nc6 11. O-O c4 12. Bc2 Rb8 13. Ng3 b5 14. e4 dxe4 15. fxe4 Bg4 16. Qe1 a5 17. Bg5 b4 18. axb4 axb4 19. e5 bxc3 20. Bxf6 Qxd4+ 21. Qf2 gxf6 22. exf6 Qxf2+ 23. Rxf2 Nd4 24. h3 Bd7 25. Ra7 Bc6 26. Nf5 Re1+ 27. Kh2 Nxc2 28. Rxc2 Be4 29. Ne7+ Kf8 30. Rxc3 Rb4 31. Rg3 Ke8 32. Rg8# 1-0


[Site "https://www.chess.com"]

[Event "Titled Tuesday Blitz February 28 Early 2023"]
[White "Wahedi, Ahmad Siar"]
[Black "Tarnowska, Aleksandra"]
[WhiteFideId "4651260"]
[BlackFideId "1180967"]
[WhiteElo "2436"]
[BlackElo "1776"]
[Result "1-0"]
[Round "02"]
[TimeControl "180+2"]
[Date "2023.02.28"]
[WhiteClock "0:02:08"]
[BlackClock "0:00:27"]

1. e4 c5 2. Nf3 e6 3. c3 d5 4. e5 d4 5. Bd3 Nc6 6. Be4 dxc3 7. bxc3 Qc7 8. d4 cxd4 9. cxd4 Bb4+ 10. Nbd2 Nge7 11. O-O O-O 12. Bxh7+ Kh8 13. Ng5 g6 14. Qg4 Kg7 15. Qh3 Rh8 16. Ndf3 Nf5 17. g4 Nh6 18. Nxe6+ Bxe6 19. Qxh6# 1-0


[Site "https://www.chess.com"]

[Event "Titled Tuesday Blitz February 28 Early 2023"]
[White "Sailer, Mike"]
[Black "Krstulovic, Alex"]
[WhiteFideId "2012901"]
[BlackFideId "760056"]
[WhiteElo "2109"]
[BlackElo "2311"]
[Result "0-1"]
[Round "02"]
[TimeControl "180+2"]
[Date "2023.02.28"]
[WhiteClock "0:00:04"]
[BlackClock "0:01:06"]

1. d4 Nf6 2. Bg5 d5 3. Bxf6 gxf6 4. e3 c5 5. c4 e6 6. Nf3 Nc6 7. Nc3 cxd4 8. Nxd4 Bb4 9. Nxc6 bxc6 10. cxd5 Qxd5 11. Qc2 Rb8 12. Rd1 Qxa2 13. Be2 Ba5 14. O-O Qxb2 15. Qa4 Qxc3 16. Rc1 Qb4 17. Qxc6+ Kf8 18. Rfd1 Bb7 19. Qd7 Qe7 20. Qd4 Bb6 21. Qf4 Rd8 22. Qh6+ Kg8 23. Rxd8+ Bxd8 24. Rc4 f5 25. g4 Qg5 26. Qxg5+ Bxg5 27. gxf5 exf5 28. Rc7 Be4 29. Rxa7 Kg7 30. f3 Bd5 31. Kf2 Re8 32. Bd3 Bxe3+ 33. Kg3 Bxa7 0-1


[Site "https://www.chess.com"]

[Event "Titled Tuesday Blitz February 28 Early 2023"]
[White "Michalski, Olaf"]
[Black "Silva, Pedro Gil Ferreira Da"]
[WhiteFideId "1106740"]
[BlackFideId "1946102"]
[WhiteElo "2173"]
[BlackElo "2255"]
[Result "0-1"]
[Round "02"]
[TimeControl "180+2"]
[Date "2023.02.28"]
[WhiteClock "0:00:01"]
[BlackClock "0:01:21"]

1. d4 Nf6 2. c4 e6 3. Nf3 Bb4+ 4. Nbd2 O-O 5. e3 b6 6. Bd3 Bb7 7. O-O d6 8. Qc2 Bxd2 9. Bxd2 Nbd7 10. Bc3 Qe7 11. b4 e5 12. dxe5 dxe5 13. e4 c5 14. a3 Rfe8 15. Rfe1 Rad8 16. Nd2 Nf8 17. Nf1 Qd6 18. Rad1 Ne6 19. Ne3 Nd4 20. Qb1 g6 21. Nd5 Nxd5 22. cxd5 Rc8 23. bxc5 Qxc5 24. Bb4 Qc7 25. Rc1 Qd7 26. a4 Rxc1 27. Rxc1 Rc8 28. Bb5 Qg4 29. Rxc8+ Bxc8 30. Qf1 Qf4 31. Qe1 Bh3 32. f3 a5 33. Bd2 Qf6 0-1


[Site "https://www.chess.com"]

[Event "Titled Tuesday Blitz February 28 Early 2023"]
[White "Tymrakiewicz, Rafal"]
[Black "Fabris, Alberto"]
[WhiteFideId "1108832"]
[BlackFideId "801348"]
[WhiteElo "2151"]
[BlackElo "2117"]
[Result "1-0"]
[Round "02"]
[TimeControl "180+2"]
[Date "2023.02.28"]
[WhiteClock "0:00:02"]
[BlackClock "0:00:02"]

1. e4 c5 2. c3 d5 3. d3 dxe4 4. dxe4 Qxd1+ 5. Kxd1 Nc6 6. Be3 b6 7. Kc2 Nf6 8. f3 Bb7 9. Nd2 e6 10. Nc4 O-O-O 11. a4 Be7 12. a5 b5 13. a6 Ba8 14. Na5 b4 15. Nb7 Bxb7 16. axb7+ Kxb7 17. Ba6+ Kb8 18. Ne2 Nd7 19. Nf4 Nb6 20. Nd3 c4 21. Nf2 b3+ 22. Kc1 Ne5 23. Bd4 Bf6 24. Rd1 Rd7 25. Bb5 Rdd8 26. f4 Nd3+ 27. Nxd3 Bxd4 28. cxd4 cxd3 29. Rxd3 f5 30. exf5 exf5 31. Kd2 Rd6 32. Ra3 Rhd8 33. Raxb3 Rxd4 34. Ba6 Rxd3+ 35. Rxd3 Rxd3+ 36. Bxd3 g6 37. g3 Kc7 38. Bb1 Kd6 39. Ba2 h6 40. Kd3 g5 41. Kd4 Nd7 42. b4 gxf4 43. gxf4 Nf6 44. Bb1 Nd5 45. Bxf5 Nxf4 46. Be4 Ne6+ 47. Kc4 Ke5 48. Bb7 Kf4 49. Bc8 Ng5 50. Kc5 Ne4+ 51. Kc6 1-0


[Site "https://www.chess.com"]

[Event "Titled Tuesday Blitz February 28 Early 2023"]
[White "Gurevich, Ilya"]
[Black "Buksa, Nataliya"]
[WhiteFideId "2000628"]
[BlackFideId "14123622"]
[WhiteElo "2105"]
[BlackElo "2316"]
[Result "1-0"]
[Round "02"]
[TimeControl "180+2"]
[Date "2023.02.28"]
[WhiteClock "0:02:26"]
[BlackClock "0:02:29"]

1. d4 d5 2. c4 e6 3. Nf3 Nf6 4. Nc3 Be7 5. Bg5 h6 6. Bh4 O-O 7. e3 Ne4 8. Bxe7 Qxe7 9. cxd5 Nxc3 10. bxc3 exd5 11. Bd3 Be6 12. O-O Nd7 13. Re1 c5 14. Rb1 b6 15. e4 dxe4 16. Bxe4 Qd6 17. Bxa8 Rxa8 18. dxc5 Qxc5 19. Rxe6 fxe6 20. Qxd7 Qxc3 21. Qxe6+ Kh8 22. Re1 Rd8 23. h3 Qc2 24. a3 Qc3 25. Qe7 Rd3 26. Qf8+ Kh7 27. Qf5+ 1-0


[Site "https://www.chess.com"]

[Event "Titled Tuesday Blitz February 28 Early 2023"]
[White "Chemin, Justo Reinaldo"]
[Black "Nur-Mukhametova, Alisa"]
[WhiteFideId "2101580"]
[BlackFideId "54117739"]
[WhiteElo "1940"]
[BlackElo "2007"]
[Result "1-0"]
[Round "02"]
[TimeControl "180+2"]
[Date "2023.02.28"]
[WhiteClock "0:00:35"]
[BlackClock "0:00:12"]

1. d4 Nf6 2. Nf3 g6 3. c4 Bg7 4. Nc3 d5 5. Bg5 Ne4 6. cxd5 Nxg5 7. Nxg5 e6 8. Qd2 exd5 9. Qe3+ Kf8 10. Qf4 Bf6 11. h4 c6 12. e3 Kg7 13. Nf3 h6 14. Bd3 Nd7 15. O-O-O b5 16. Ne5 Bxe5 17. dxe5 Qe7 18. e4 d4 19. Ne2 Qxe5 20. Qxe5+ Nxe5 21. Nxd4 Rd8 22. Bc2 Bb7 23. f3 a6 24. Nb3 Rxd1+ 25. Rxd1 Re8 26. Na5 Re7 27. f4 Ng4 28. e5 Ne3 29. Rd2 c5 30. Nxb7 Rxb7 31. g3 Kf8 32. Rd6 a5 33. Ra6 a4 34. Rc6 c4 35. a3 Ke7 36. h5 Nxc2 37. Kxc2 gxh5 38. Rxh6 Rd7 39. Rxh5 Rd3 40. e6 Kxe6 41. Rxb5 Rxg3 42. Rb4 c3 43. bxc3 Rg2+ 44. Kd3 Ra2 45. Rxa4 Kf5 46. Ra7 f6 47. Ra4 Ke6 48. c4 Kd6 49. Ra6+ Kc5 50. Rxf6 Rxa3+ 51. Ke4 Kxc4 52. Rd6 Kc5 53. Rd2 Ra4+ 54. Ke5 Ra8 55. f5 Re8+ 56. Kf6 Re1 57. Kf7 Rf1 58. f6 Rf3 59. Kg7 Rg3+ 60. Kf8 Rf3 61. f7 Kc6 62. Rg2 Rf1 63. Kg7 1-0


[Site "https://www.chess.com"]

[Event "Titled Tuesday Blitz February 28 Early 2023"]
[White "Bongo Akanga Ndjila, Barthelemy"]
[Black "Sargissyan, Sargis"]
[WhiteFideId "10609431"]
[BlackFideId "13303210"]
[WhiteElo "1768"]
[BlackElo "2109"]
[Result "0-1"]
[Round "02"]
[TimeControl "180+2"]
[Date "2023.02.28"]
[WhiteClock "0:00:24"]
[BlackClock "0:00:19"]

1. d4 Nf6 2. c4 g6 3. Nc3 Bg7 4. e4 d6 5. Be2 O-O 6. Nf3 e5 7. O-O Nc6 8. d5 Ne7 9. Ne1 Nd7 10. f3 f5 11. g4 Kh8 12. Ng2 Ng8 13. Be3 Bh6 14. Qd2 Bxe3+ 15. Qxe3 a5 16. Rac1 Nc5 17. h4 Nf6 18. exf5 gxf5 19. g5 f4 20. Qd2 Nh5 21. Bd3 Ng3 22. Rfe1 h6 23. Kf2 Nxd3+ 24. Qxd3 Bf5 25. Ne4 Bxe4 26. fxe4 hxg5 27. hxg5 Qxg5 28. Rh1+ Nxh1+ 29. Rxh1+ Kg7 30. Nh4 Qg3+ 31. Qxg3+ fxg3+ 32. Kxg3 Rh8 33. Nf5+ Kf6 34. Rf1 Rag8+ 35. Kf3 Kf7 36. Ke3 Rh3+ 37. Kd2 Rg2+ 38. Kc1 Ke8 39. c5 Kd7 40. cxd6 cxd6 41. a3 Rhh2 42. Ne3 Rxb2 43. Rf7+ Ke8 44. Rc7 Rbe2 45. Nd1 Rh1 46. Rc3 Ree1 47. Rd3 Rxd1+ 48. Rxd1 Rxd1+ 49. Kxd1 b5 50. Kc2 Kf7 51. Kb3 Kg6 52. Kc3 Kg5 53. a4 bxa4 54. Kb2 Kf4 55. Ka3 Kxe4 56. Kxa4 Kxd5 57. Kxa5 e4 58. Kb5 Kd4 59. Kc6 e3 60. Kxd6 e2 61. Kc6 e1=Q 0-1


[Site "https://www.chess.com"]

[Event "Titled Tuesday Blitz February 28 Early 2023"]
[White "Bochnicka, Vladimir"]
[Black "Seifert, Henryk"]
[WhiteFideId "14943450"]
[BlackFideId "1100963"]
[WhiteElo "2094"]
[BlackElo "2071"]
[Result "1-0"]
[Round "02"]
[TimeControl "180+2"]
[Date "2023.02.28"]
[WhiteClock "0:01:11"]
[BlackClock "0:00:01"]

1. e4 e6 2. d4 d5 3. Nd2 c5 4. exd5 exd5 5. Ngf3 Nc6 6. Bb5 Bd6 7. O-O cxd4 8. Re1+ Ne7 9. Nb3 O-O 10. Nbxd4 Bg4 11. Be2 Qd7 12. c3 h6 13. h3 Bh5 14. Be3 a6 15. Qd2 Rfe8 16. Bd3 Bg6 17. Rad1 Bxd3 18. Qxd3 Rad8 19. Nb3 b5 20. Nc5 Qc8 21. a4 bxa4 22. Nxa4 a5 23. Nd4 Ne5 24. Qb5 Nc4 25. Nb6 Nxb6 26. Qxb6 Qc7 27. Qxc7 Bxc7 28. Nb5 Bb6 29. Bxb6 Rb8 30. Bc5 Rxb5 31. Rxe7 1-0


[Site "https://www.chess.com"]

[Event "Titled Tuesday Blitz February 28 Early 2023"]
[White "Flis, Pawel"]
[Black "Chakravarthi Reddy, M"]
[WhiteFideId "1112864"]
[BlackFideId "25009532"]
[WhiteElo "1822"]
[BlackElo "2201"]
[Result "1-0"]
[Round "02"]
[TimeControl "180+2"]
[Date "2023.02.28"]
[WhiteClock "0:00:05"]
[BlackClock "0:00:09"]

1. e4 e5 2. d4 exd4 3. Nf3 Nc6 4. Bc4 Nf6 5. e5 d5 6. Bb5 Ne4 7. Nxd4 Bd7 8. Bxc6 bxc6 9. O-O Bc5 10. f3 Ng5 11. Be3 O-O 12. f4 Ne4 13. Nd2 Bxd4 14. Bxd4 Bf5 15. Nb3 Qd7 16. Nc5 Nxc5 17. Bxc5 Rfe8 18. c3 f6 19. exf6 gxf6 20. Bd4 Qg7 21. Qh5 Re6 22. Qxf5 Re2 23. Rf2 Rae8 24. Bxf6 Qg6 25. Qxg6+ hxg6 26. Bd4 Re1+ 27. Rxe1 Rxe1+ 28. Rf1 Re2 29. Rb1 a5 30. Kf1 Rc2 31. a3 a4 32. b4 Ra2 33. b5 cxb5 34. Rxb5 Rxa3 35. Rxd5 Ra2 36. c4 a3 37. Rd8+ Kf7 38. Rd7+ Ke6 39. Rxc7 Rd2 40. Be5 a2 41. Ra7 Kf5 42. c5 Ke4 43. c6 Rc2 44. Ra4+ Ke3 45. Ra3+ Ke4 46. h3 g5 47. c7 gxf4 48. Rxa2 Rc1+ 49. Ke2 Kxe5 50. Ra7 Rc2+ 51. Kf3 Rc3+ 52. Kf2 Rc2+ 53. Kg1 Rc1+ 54. Kh2 Kd6 55. h4 Rxc7 56. Rxc7 Kxc7 57. Kh3 Kd7 58. Kg4 Ke6 59. Kxf4 Kf6 60. g4 Kg6 61. h5+ Kh6 62. Kf5 Kg7 63. g5 Kh7 64. h6 Kh8 65. Kf6 Kg8 66. g6 Kh8 67. g7+ Kh7 68. Kf7 Kxh6 69. g8=Q Kh5 70. Qg3 Kh6 71. Qg6# 1-0


[Site "https://www.chess.com"]

[Event "Titled Tuesday Blitz February 28 Early 2023"]
[White "Seletsky, Grigory"]
[Black "Larina, Maria"]
[WhiteFideId "14112191"]
[BlackFideId "24113182"]
[WhiteElo "2490"]
[BlackElo "1848"]
[Result "1-0"]
[Round "02"]
[TimeControl "180+2"]
[Date "2023.02.28"]
[WhiteClock "0:00:42"]
[BlackClock "0:00:03"]

1. e4 c6 2. d3 g6 3. Nd2 Bg7 4. g3 e5 5. Bg2 Ne7 6. Ne2 O-O 7. O-O d5 8. c3 f5 9. exd5 cxd5 10. d4 e4 11. h4 Nbc6 12. Nb3 Kh8 13. Be3 b6 14. Qd2 Ng8 15. Rae1 Ba6 16. Na1 Na5 17. b3 Rc8 18. Rc1 Qd6 19. Rfe1 Bxe2 20. Rxe2 Rc6 21. Nc2 Qd7 22. Bf4 Nb7 23. Nb4 Rcc8 24. Qe1 Qe6 25. Nc2 Nf6 26. Be5 Nd8 27. Ne3 Nf7 28. Bf4 Nh5 29. Bg5 h6 30. Bf4 Nxf4 31. gxf4 Rc7 32. Rec2 Rfc8 33. f3 b5 34. fxe4 fxe4 35. b4 Bf6 36. Qg3 Qe7 37. Nxd5 Qd6 38. Nxf6 Qxf6 39. Bxe4 Re8 40. Bxg6 Rg8 41. h5 Nd6 42. Kh2 Nf5 43. Qh3 Nd6 44. f5 Nc4 45. Re1 Re7 46. Rce2 Rxe2+ 47. Rxe2 Qd6+ 48. Qg3 Qf6 49. Re6 Qd8 50. Qf4 Qf8 51. f6 Rxg6 52. hxg6 1-0


[Site "https://www.chess.com"]

[Event "Titled Tuesday Blitz February 28 Early 2023"]
[White "Ricaurte Lopez, Juan Carlos"]
[Black "Heinemann, Josefine"]
[WhiteFideId "3600327"]
[BlackFideId "12900460"]
[WhiteElo "2209"]
[BlackElo "2342"]
[Result "0-1"]
[Round "02"]
[TimeControl "180+2"]
[Date "2023.02.28"]
[WhiteClock "0:00:02"]
[BlackClock "0:00:18"]

1. e4 e5 2. d4 exd4 3. c3 dxc3 4. Nxc3 Nc6 5. Bc4 Nf6 6. Nf3 d5 7. exd5 Nb8 8. O-O Be7 9. Re1 O-O 10. h3 Bf5 11. Nd4 Bg6 12. Bf4 a6 13. Qf3 Nbd7 14. g4 Nb6 15. Bb3 Qd7 16. Qg3 Bc5 17. Rad1 Bd6 18. Nf3 Bxf4 19. Qxf4 Rae8 20. Ne5 Qd6 21. Nxg6 hxg6 22. Qxd6 cxd6 23. Kg2 g5 24. Kf3 Nbd7 25. Re3 Rxe3+ 26. Kxe3 Re8+ 27. Kd4 Ne5 28. a4 Nf3+ 29. Kd3 Ne5+ 30. Kd4 g6 31. a5 Kg7 32. Na4 Rc8 33. Nb6 Rc5 34. f4 gxf4 35. Rf1 Rxa5 36. Rf2 Rb5 0-1


[Site "https://www.chess.com"]